 Dungeon Sprint DCSS version 0.17-a0-1625-g47e540b (webtiles) character file.

800000 hexophile the Axe Maniac (level 13, -22/87 HPs)
             Began as a Mummy Warper on Aug 2, 2015.
             Was a Follower of Makhleb.
             Annihilated by a bag of meat
             ... wielding a +9 war axe
              (32 damage)
             ... in the Dungeon (Sprint VIII: "Arena of Blood").
             The game lasted 00:00:35 (8 turns).

hexophile the Axe Maniac (Mummy Warper)                Turns: 8, Time: 00:00:36

Health: -22/87     AC:  3    Str: 14    XL:     13   Next: 71%
Magic:  14/17      EV: 12    Int: 17    God:    Makhleb [*.....]
Gold:   0          SH:  0    Dex: 12    Spells: 1 memorised, 17 levels left

rFire  x . .     SeeInvis .     f - +∞ Axe of Woe
rCold  + . .     Clarity  .     b - +0 leather armour
rNeg   + + +     SustAt   .     (no shield)
rPois  ∞         Gourm    .     (no helmet)
rElec  .         Spirit   .     (no cloak)
rCorr  .         Warding  .     (no gloves)
rMut   .         NoTele   +     (no boots)
MR     +....                    (no amulet)
Stlth  ++........               (no ring)
                                (no ring)

@: somewhat resistant to hostile enchantments, unstealthy
A: no food or potions, fire vulnerability, cold resistance 1, negative energy
resistance 3, torment resistance, unbreathing, in touch with death 1, restore
body
a: Self-Restoration, Renounce Religion


You were in the Dungeon.
You worshipped Makhleb.
Makhleb was aware of your devotion.
You were not hungry.

You visited 1 branch

Inventory:

Hand weapons
 a - a +0 hand axe
 f - the +∞ Axe of Woe (weapon)
   (You found it in the Dungeon)
Missiles
 e - 5 tomahawks of dispersal (quivered)
Armour
 b - a +0 leather armour (worn)
Scrolls
 d - 2 scrolls of blinking
Books
 c - a book of Spatial Translocations

   Spells                             Type                      Level
   a - Apportation                    Translocation                1
   b - Blink                          Translocation                2
   c - Shroud of Golubria             Charms/Translocation         2
   d - Portal Projectile              Translocation                3
   e - Teleport Other                 Translocation                3
   f - Passage of Golubria            Translocation                4


   Skills:
 + Level 3.4 Fighting
 O Level 27 Axes
 + Level 2.4 Throwing
 + Level 2.3 Armour
 + Level 2.8 Dodging
 + Level 2.3 Stealth
 + Level 2.1 Unarmed Combat
 + Level 3.2 Spellcasting
 + Level 3.4 Translocations
 + Level 2.3 Invocations


You had 17 spell levels left.
You knew the following spells:

 Your Spells              Type           Power        Failure   Level  Hunger
a - Apportation           Tloc           ##........   6%          1    N/A

Dungeon Overview and Level Annotations

Branches:
Dungeon (1/1)

Altars:
Makhleb


Innate Abilities, Weirdness & Mutations

You do not eat or drink.
Your flesh is vulnerable to fire.
You are immune to poison.
Your flesh is cold resistant.
You are immune to negative energy.
You are immune to unholy pain and torment.
You can survive without breathing.
You are in touch with the powers of death.
You can restore your body by infusing magical energy.


Message History

Your Spellcasting skill increases to level 3!
Your Translocations skill increases to level 3!
Your Invocations skill gained 2 levels and is now at level 2!
You have reached level 12!
Your experience leads to an increase in your attributes!
Increase (S)trength, (I)ntelligence, or (D)exterity?
You feel clever.
You have reached level 13!
You feel more in touch with the powers of death.
You can now infuse your body with magic to restore decomposition.
The meat berserker rages.
You hear a shout! x5
The bag of meat moves out of view.
You hear a shout! x6
The meat berserker hits you with a +9 battleaxe!!!!
Ouch! That really hurt!
* * * LOW HITPOINT WARNING * * *
You hear a shout! x4
The bag of meat hits you with a +9 war axe!!
You die...

#.. ..# ...###.o.
..###.
........###......
#........_.....
..... #.....#
......#_.<._# .
......#.....#....
#....o..O_.......
......o@###......
...###..o....###.
#.......#
#.......#
..........
...........
...........
.o.oo......#


You could see a meat berserker (berserk) and 7 bags of meat.

Vanquished Creatures
  An ogre (D)
  An orc (D)
2 creatures vanquished.

Notes
Turn   | Place    | Note
--------------------------------------------------------------
     0 | D        | hexophile the Mummy Warper began the quest for the Orb.
     0 | D        | Reached XP level 1. HP: 16/16 MP: 3/3
     4 | D        | Noticed a bag of meat
     4 | D        | Became a worshipper of Makhleb the Destroyer
     5 | D        | Noticed a meat berserker
     6 | D        | Noticed a bag of meat
     6 | D        | Noticed a bag of meat
     6 | D        | Noticed a bag of meat
     6 | D        | Noticed a meat berserker
     8 | D        | Noticed a bag of meat
     8 | D        | Killed a bag of meat
     8 | D        | Reached skill level 22 in Axes
     8 | D        | Reached XP level 2. HP: 22/22 MP: 5/5
     8 | D        | Reached XP level 3. HP: 27/27 MP: 6/6
     8 | D        | Reached XP level 4. HP: 33/33 MP: 7/7
     8 | D        | Reached XP level 5. HP: 38/38 MP: 8/8
     8 | D        | Reached XP level 6. HP: 44/44 MP: 9/9
     8 | D        | Reached XP level 7. HP: 50/50 MP: 10/10
     8 | D        | Reached XP level 8. HP: 56/56 MP: 11/11
     8 | D        | Reached XP level 9. HP: 61/61 MP: 12/12
     8 | D        | Reached XP level 10. HP: 67/67 MP: 13/13
     8 | D        | Reached XP level 11. HP: 72/72 MP: 14/14
     8 | D        | Killed a meat berserker
     8 | D        | Acquired Makhleb's first power
     8 | D        | Reached skill level 27 in Axes
     8 | D        | Reached XP level 12. HP: 77/81 MP: 14/16
     8 | D        | Gained mutation: You are in touch with the powers of death. [Mummy growth]
     8 | D        | Gained mutation: You can restore your body by infusing magical energy. [Mummy growth]
     8 | D        | Reached XP level 13. HP: 82/87 MP: 14/17
     8 | D        | Annihilated by a bag of meat

Vault maps used:
D:        meatsprint

Action                   |  1- 3 |  4- 6 |  7- 9 | 10-12 | 13-15 || total
-------------------------+-------+-------+-------+-------+-------++-------
Melee: Executioner's axe |     1 |       |       |       |       ||     1
